 Dungeon Crawl Stone Soup version 0.30-a0-46-g5a63ccc183 (webtiles) character file.

Game seed: 4090968304732011742

352 MrFrogsmire the Ducker (level 6, -3/61 HPs)
             Began as a Troll Berserker on Sept 2, 2022.
             Was a Follower of Trog.
             Slain by Menkaure (6 damage)
             ... on level 6 of the Dungeon.
             The game lasted 00:07:15 (830 turns).

MrFrogsmire the Ducker (Troll Berserker)             Turns: 830, Time: 00:07:15

Health: -3/61      AC:  4    Str: 26    XL:     6   Next: 35%
Magic:  5/5        EV: 10    Int:  3    God:    Trog [*.....]
Gold:   49         SH:  5    Dex: 11    Spells: 5/5 levels left

rFire   . . .      SeeInvis .    a - +0 hand axe
rCold   + . .      Faith    .    (no shield)
rNeg    . . .      Spirit   .    b - +0 animal skin
rPois   .          Reflect  +    (helmet restricted)
rElec   .          Harm     .    (no cloak)
rCorr   .          Rampage  .    (gloves unavailable)
Will    .....                    (boots unavailable)
Stlth   +.........               j - amulet of reflection
HPRegen 1.00/turn                n - ring of protection from cold
MPRegen 0.09/turn                o - +4 ring of slaying

@: no status effects
A: large, unfitting armour, claws 3, regeneration 1, shaggy fur 1, tough skin 1
a: Renounce Religion, Berserk


You were on level 6 of the Dungeon.
You worshipped Trog.
Trog was aware of your devotion.
You visited 1 branch of the dungeon, and saw 6 of its levels.

You collected 49 gold pieces.

Inventory:

Hand Weapons
 a - a +0 hand axe (weapon)
 l - a +0 flail
Armour
 b - a +0 animal skin (worn)
 g - a +0 ring mail
 m - a +0 pair of boots
Magical Staves
 c - a staff of air
Jewellery
 j - an amulet of reflection (around neck)
 n - a ring of protection from cold (left claw)
 o - a +4 ring of slaying (right claw)
Scrolls
 e - a scroll of identify {unknown}
Potions
 d - a potion of flight {unknown}
 f - a potion of might {unknown}
 i - a potion of mutation {unknown}
 k - 2 potions of magic {unknown}


   Skills:
 + Level 3.6 Fighting
 + Level 3.7 Axes
 + Level 0.6 Throwing
 + Level 4.0 Dodging
 + Level 0.7 Shields
 + Level 0.6 Evocations


You had 5 spell levels left.
You didn't know any spells.
Your spell library was empty.

Dungeon Overview and Level Annotations

Branches:
Dungeon (6/15)
 Temple: D:4-7

Altars:

Annotations:
D:6 Menkaure


Innate Abilities, Weirdness & Mutations

You are too large for most types of armour.
You have claws for hands.
Your natural rate of healing is unusually fast.
You are covered in fur. (AC +1)
You have tough skin. (AC +1)


Message History

There is an open door here.
Found a scroll labelled DUG ZIFOATROE.
Menkaure, Prince of Dust comes into view.
Found a stone staircase leading down.
Menkaure shouts!
Menkaure casts a spell.
Menkaure seems to speed up.
You throw a stone.
The stone hits Menkaure but does no damage.
You throw a stone. The stone barely misses Menkaure.
Menkaure calls on the powers of darkness!
Your body is wracked with pain!
You throw a stone. The stone hits Menkaure.
Menkaure is lightly damaged.
You throw a stone. The stone hits Menkaure.
Menkaure is moderately damaged.
You throw a stone.
The stone hits Menkaure but does no damage.
Menkaure is moderately damaged.
Nothing quivered!
Nothing quivered!
You slash Menkaure!
Menkaure is severely damaged.
Menkaure barely misses you.
You hit Menkaure.
Menkaure is severely damaged.
Menkaure calls on the powers of darkness!
Your body is wracked with pain!
Menkaure hits you!
* * * LOW HITPOINT WARNING * * *
You barely miss Menkaure.
Menkaure is severely damaged.
Menkaure points at you and mumbles some strange words.
You barely resist.
Menkaure gestures at you while chanting.
Pain shoots through your body!
* * * LOW HITPOINT WARNING * * *
Nothing quivered!
Nothing quivered!
Menkaure hits you.
You die...

#....#......#
######......#
+......#
#......#
#......#
########......#
...........####
.>.........#
........@..#
........M..#
...........#
.....?.....#
...........#
...........#
............
......##...##
......##...##.


You could see Menkaure (fast).

Vanquished Creatures
  A hornet (D:4)
  A bullfrog (D:6)
  A hound (D:4)
  4 gnolls (D:5)
  A worm (D:3)
  A dart slug (D:3)
  2 endoplasms (D:4)
  3 goblins
  A hobgoblin (D:3)
  A quokka (D:3)
  A ball python (D:4)
  7 bats
  A frilled lizard (D:3)
  A kobold (D:4)
  A rat (D:2)
27 creatures vanquished.

Notes
Turn   | Place    | Note
-------+----------+-------------------------------------------
     0 | D:1      | MrFrogsmire the Troll Berserker began the quest for the
                  | Orb.
     0 | D:1      | Reached XP level 1. HP: 22/22 MP: 0/0
   510 | D:3      | Reached XP level 2. HP: 29/29 MP: 1/1
   660 | D:3      | You fall into a shaft and drop 1 floor!
   676 | D:4      | Reached skill level 3 in Dodging
   676 | D:4      | Reached XP level 3. HP: 31/36 MP: 2/2
   719 | D:4      | Noticed a hornet
   722 | D:4      | Killed a hornet
   723 | D:4      | Reached XP level 4. HP: 45/45 MP: 3/3
   723 | D:4      | Reached XP level 5. HP: 53/53 MP: 4/4
   746 | D:5      | Entered Level 5 of the Dungeon
   775 | D:5      | Reached XP level 6. HP: 56/61 MP: 5/5
   803 | D:6      | Reached skill level 4 in Dodging
   818 | D:6      | Noticed Menkaure
   828 | D:6      | HP: 1/61 [Menkaure/nerve-wracking pain (11)]
   830 | D:6      | Slain by Menkaure

Illustrated notes

Levels and vault maps discovered:
D:1:      psy_arrival_basics, layout_rooms,
          shapermc_ecumenical_altar_starsandcircs
D:2:      layout_basic
D:3:      layout_basic
D:4:      layout_loops_ring, fedhas_ov_isle_minmay
D:5:      layout_gridville, minitemple, cheibrodos_sewer_entry_bend,
          grunt_ministairs_15, minmay_misc_feat_x
D:6:      layout_gridville, minmay_temple_entry_stoned_glass, serial_shops,
          nicolae_lakefront_shop, kennysheep_potato, uniq_menkaure

Skill      XL: |  1  2  3  4  5  6 |
---------------+-------------------+-----
Dodging        | 3 4 |  4.0
Fighting       | 3 |  3.6
Axes           | 3 |  3.7
Throwing       | |  0.6
Shields        | |  0.7
Evocations     | |  0.6

Action                   |  1- 3 |  4- 6 || total
-------------------------+-------+-------++-------
Melee: Hand axe          |    52 |     8 ||    60
Throw: Stone             |     8 |     5 ||    13
Evoke: Wand              |     6 |     6 ||    12
 Stab: Sleeping          |       |     1 ||     1
Armor: Animal skin       |    25 |     1 ||    26
Dodge: Dodged            |    43 |     7 ||    50
Block: Other             |     9 |     4 ||    13
       Reflection        |       |     1 ||     1

Table legend: (Time is in decaauts)
 A = Elapsed time spent in this place.
 B = Non-inter-level travel time spent in this place.
 C = Inter-level travel time spent in this place.
 D = Time resting spent in this place.
 E = Time spent auto-exploring this place.
 F = Levels seen in this place.
 G = Mean time per level.
                   A        B        C        D        E       F      G
               +--------+--------+--------+--------+--------+-----+--------+
         Total |    838 |    225 |    613 |      0 |      0 |   6 |  139.7 |
       Dungeon |    838 |    225 |    613 |      0 |      0 |   6 |  139.7 |
               +--------+--------+--------+--------+--------+-----+--------+

Top non-repeatable levels by time:
     D:2: 241 daAuts
     D:3: 239 daAuts
     D:1: 185 daAuts
     D:4: 87 daAuts
     D:5: 51 daAuts
     D:6: 32 daAuts
